 Dungeon Crawl Stone Soup version 0.23-a0-767-gdc19b93d68 (webtiles) character file.

286 Adamkad1 the Bolt Thrower (level 6, -3/48 HPs)
             Began as a Centaur Hunter on Jan 26, 2019.
             Slain by Edmund
             ... wielding a +3 flail of holy wrath
              (10 damage)
             ... on level 4 of the Dungeon.
             The game lasted 00:04:48 (3906 turns).

Adamkad1 the Bolt Thrower (Centaur Hunter)          Turns: 3906, Time: 00:04:49

Health: -3/48      AC:  5    Str: 15    XL:     6   Next: 8%
Magic:  6/6        EV:  9    Int: 10    God:
Gold:   241        SH:  0    Dex: 11    Spells: 5/5 levels left

rFire    . . .     SeeInvis .   b - +0 short sword
rCold    . . .     Gourm    .   (no shield)
rNeg     . . .     Faith    .   e - +0 leather armour (curse)
rPois    .         Spirit   .   (no helmet)
rElec    .         Reflect  .   (no cloak)
rCorr    .         Harm     .   u - +0 pair of gloves
MR       .....                  (no barding)
Stlth    +.........             (no amulet)
HPRegen  0.16/turn              o - ring of flight
MPRegen  0.10/turn              (no ring)

@: very quick
A: large, hooves 3, deformed body, speed 2, tough skin 3
a: Evoke Flight


You were on level 4 of the Dungeon.
You were not hungry.

You visited 1 branch of the dungeon, and saw 4 of its levels.

You collected 241 gold pieces.

Inventory:

Hand Weapons
 a - a +1 hand crossbow
 b - a +0 short sword (weapon)
Armour
 c - a +0 leather armour
 e - a cursed +0 leather armour (worn)
 u - a +0 pair of gloves (worn)
Jewellery
 o - a ring of flight (left hand)
 p - an uncursed amulet of guardian spirit {unknown}
Wands
 y - a wand of iceblast (9)
Scrolls
 j - 4 scrolls of identify
 k - a scroll of remove curse {unknown}
 m - a scroll of noise
 n - 5 scrolls of enchant armour {unknown}
 q - 3 scrolls of teleportation
 w - a scroll of blinking {unknown}
 x - a scroll of fear {unknown}
Potions
 g - 2 potions of magic {unknown}
 h - a potion of flight {unknown}
 i - a potion of might
 l - a potion of curing
 r - 2 potions of degeneration {unknown}
 s - a potion of mutation {unknown}
 t - a potion of haste {unknown}
Comestibles
 f - 5 rations
 v - 4 chunks of flesh


   Skills:
 - Level 2.0 Fighting
 + Level 1.7 Short Blades
 * Level 7.7 Crossbows
 - Level 1.3 Dodging
 - Level 0.4 Stealth


You had 5 spell levels left.
You didn't know any spells.
Your spell library was empty.

Dungeon Overview and Level Annotations

Branches:
Dungeon (4/15)
 Temple: D:4-7

Altars:
Hepliaklqana
Zin

Annotations:
D:4 Edmund


Innate Abilities, Weirdness & Mutations

You have hooves in place of feet.
Armour fits poorly on your strangely shaped body.
You cover ground very quickly.
You have extremely tough skin. (AC +3)


Message History

You hit Edmund.
Edmund is heavily wounded.
Edmund hits you with a +3 flail of holy wrath.
You hit Edmund. Your kick misses Edmund.
Edmund is heavily wounded.
You hit Edmund but do no damage.
Edmund is heavily wounded.
Edmund barely misses you.
You hit Edmund but do no damage.
Edmund is heavily wounded.
Edmund hits you with a +3 flail of holy wrath!
* * * LOW HITPOINT WARNING * * *
You barely miss Edmund.
Edmund is heavily wounded.
Edmund hits you with a +3 flail of holy wrath.
* * * LOW HITPOINT WARNING * * *
You hit Edmund. You kick Edmund.
Edmund is severely wounded.
Edmund hits you with a +3 flail of holy wrath!
You die...

#.###.##.#
###.###.##.#
...[......#
#.###.#..#
#........#####
###...........
##...#######
##.## #@# #@#
#'# #..>#
#.....#
#.......#
#.........#
+........>+
#.........#


You could see Edmund.

Vanquished Creatures
  A howler monkey (D:3)
  A bullfrog skeleton (D:2)
  A jelly (D:3)
  Natasha (twice) (D:3)
  5 adders
  An ooze (D:1)
  An adder skeleton (D:2)
  5 worms
  A dart slug (D:2)
  2 leopard geckos
  3 orcs
  4 giant cockroaches
  8 goblins
  5 hobgoblins
  2 quokkas (D:3)
  2 ball pythons
  2 bats
  17 frilled lizards
  5 kobolds
  9 rats
77 creatures vanquished.

Notes
Turn   | Place    | Note
-------+----------+-------------------------------------------
     0 | D:1      | Adamkad1 the Centaur Hunter began the quest for the Orb.
     0 | D:1      | Reached XP level 1. HP: 17/17 MP: 1/1
   102 | D:1      | Reached XP level 2. HP: 24/24 MP: 2/2
   334 | D:1      | Reached skill level 5 in Crossbows
  1103 | D:2      | Found a faded altar of an unknown god.
  1169 | D:2      | Reached XP level 3. HP: 29/29 MP: 3/3
  1307 | D:2      | Reached skill level 6 in Crossbows
  1319 | D:2      | Found a hazy altar of Hepliaklqana.
  1479 | D:2      | Found a glowing silver altar of Zin.
  1483 | D:2      | Reached XP level 4. HP: 21/36 MP: 4/4
  2645 | D:3      | Reached skill level 7 in Crossbows
  2645 | D:3      | Reached XP level 5. HP: 33/41 MP: 5/5
  2947 | D:3      | Reached skill level 1 in Short Blades
  2952 | D:3      | Noticed Natasha
  2964 | D:3      | Killed Natasha
  3209 | D:3      | Noticed Natasha
  3212 | D:3      | Killed Natasha
  3212 | D:3      | Reached XP level 6. HP: 39/48 MP: 6/6
  3882 | D:4      | Noticed Edmund
  3906 | D:4      | Slain by Edmund

Vault maps used:
D:1:      sevenhm_arrival_forest_fort_small_3
D:2:      lemuel_doored_altar, lemuel_round_altar,
          chequers_ecumenical_altar_simple
D:3:      uniq_natasha
D:4:      first_ration, kennysheep_generic_room_6, uniq_edmund

Skill      XL: |  1  2  3  4  5 |
---------------+----------------+-----
Crossbows      | 5 6 7 |  7.7
Short Blades   | 1 |  1.7
Fighting       | |  2.0
Dodging        | |  1.3
Stealth        | |  0.4

Action                   |  1- 3 |  4- 6 || total
-------------------------+-------+-------++-------
Melee: Short sword       |       |   147 ||   147
       Kick              |       |    28 ||    28
 Fire: Hand crossbow     |    82 |    20 ||   102
  Use: Scroll            |     3 |       ||     3
       Potion            |     3 |       ||     3
  Eat: Chunk             |       |     7 ||     7
Armor: Leather armour    |     8 |    50 ||    58
Dodge: Dodged            |     6 |    65 ||    71

Table legend:
 A = Non-vault XP
 B = Vault XP
 C = Vault XP percentage of total XP
 D = Non-vault monster count
 E = Vault monster count
 F = Vault count percentage of total count
                 A         B        C        D         E       F
            +---------+---------+-------+---------+---------+-------
      Total |     372 |      37 |   9.0 |      76 |       1 |   1.3
            +---------+---------+-------+---------+---------+-------
        D:1 |      30 |       0 |   0.0 |      17 |       0 |   0.0
        D:2 |     127 |       0 |   0.0 |      22 |       0 |   0.0
        D:3 |     193 |      37 |  16.1 |      31 |       1 |   3.1
        D:4 |      22 |       0 |   0.0 |       6 |       0 |   0.0
            +---------+---------+-------+---------+---------+-------
